 Dungeon Crawl Stone Soup version 0.27.1-34-g3ba077fa99 (webtiles) character file.

Game seed: 456103417001661794

51 crat75 the Poker (level 3, 0/34 HPs)
             Began as a Minotaur Berserker on Jan 18, 2022.
             Was a Follower of Trog.
             Slain by a gnoll (7 damage)
             ... on level 2 of the Dungeon.
             The game lasted 00:08:19 (1736 turns).

crat75 the Poker (Minotaur Berserker)               Turns: 1736, Time: 00:08:19

Health: 0/34       AC:  5    Str: 22    XL:     3   Next: 58%
Magic:  2/2        EV: 11    Int:  4    God:    Trog [*.....]
Gold:   32         SH:  5    Dex:  9    Spells: 2/2 levels left

rFire    . . .     SeeInvis .   a - +0 spear
rCold    . . .     Faith    .   (no shield)
rNeg     . . .     Spirit   .   f - +0 ring mail
rPois    .         Reflect  +   (helmet restricted)
rElec    .         Harm     .   (no cloak)
rCorr    .         Rampage  .   (no gloves)
Will     .....                  (no boots)
Stlth    ..........             g - amulet of reflection
HPRegen  0.11/turn              (no ring)
MPRegen  0.08/turn              (no ring)

@: no status effects
A: horns 2, retaliatory headbutt
a: Renounce Religion, Berserk


You were on level 2 of the Dungeon.
You worshipped Trog.
Trog was aware of your devotion.
You visited 1 branch of the dungeon, and saw 2 of its levels.

You collected 32 gold pieces.

Inventory:

Hand Weapons
 a - a +0 spear (weapon)
Armour
 b - a +0 animal skin
 f - a +0 ring mail (worn)
Jewellery
 g - an amulet of reflection (around neck)
Scrolls
 c - a scroll of holy word {unknown}
 d - a scroll of fear {unknown}
 e - a scroll of summoning {unknown}
 i - a scroll of brand weapon {unknown}
Potions
 h - a potion of magic {unknown}


   Skills:
 + Level 4.3 Fighting
 + Level 4.5 Polearms
 + Level 2.9 Armour
 + Level 2.6 Dodging


You had 2 spell levels left.
You didn't know any spells.
Your spell library was empty.

Dungeon Overview and Level Annotations

Branches:
Dungeon (2/15)

Altars:


Innate Abilities, Weirdness & Mutations

You have a pair of horns on your head.
You reflexively headbutt those who attack you in melee.


Message History

A gnoll comes into view. It is wielding a +0 club.
The gnoll shouts!
You hear a shout!
A gnoll comes into view. It is wielding a +0 spear.
Found a scroll labelled INWES DEYHAPO.
There are monsters nearby!
There is an open door here.
You hit the gnoll.
The gnoll is lightly wounded.
The gnoll closely misses you. The gnoll barely misses you.
You barely miss the gnoll.
The gnoll is lightly wounded.
The gnoll barely misses you. You block the gnoll's attack.
You hit the gnoll.
The gnoll is heavily wounded.
The gnoll hits you from afar with a +0 spear.
The gnoll hits you with a +0 club.
You closely miss the gnoll.
The gnoll is heavily wounded.
The gnoll hits you with a +0 club.
The gnoll hits you from afar with a +0 spear.
You closely miss the gnoll.
The gnoll is heavily wounded.
The gnoll hits you from afar with a +0 spear.
The gnoll closely misses you.
You hit the gnoll.
The gnoll is almost dead.
The gnoll hits you from afar with a +0 spear.
* * * LOW HITPOINT WARNING * * *
The gnoll closely misses you.
You hit the gnoll but do no damage.
The gnoll is almost dead.
You block the gnoll's attack. The gnoll closely misses you.
You hit the gnoll but do no damage. You headbutt the gnoll.
You kill the gnoll!
Trog accepts your kill. The gnoll barely misses you.
Okay, then.
The gnoll misses you. The gnoll hits you with a +0 spear!
You die...

....................
#.........#......#.#
.....#..#.†......# #
#..............<...
###P♣♣§###....♣♣♣♣###
PP.♣..§PP.♣♣.♣♣♣♣.P.♣
.♣♣♣♣.♣♣♣♣.♣.# #PP..♣
.♣P♣.. ♣♣P.♣##.##.♣.#
♣..♣.(..♣..#+.?g@#P.#
.♣♣♣ .♣.....##.##♣.##
P.P♣♣..♣.♣.♣.###♣.P.♣
....P..♣..♣♣...♣†♣..#
.8...♣P.♣P...P♣.♣♣.##
...♣.PPP..♣♣.♣.§♣...
...♣♣.P♣♣♣ ♣.♣.♣§§.§#
P♣.♣..♣P♣ ♣.♣.♣♣§♣..
♣..♣ . ♣ ..♣§.§§PP..


You could see a gnoll.

Vanquished Creatures
  A gnoll (D:2)
  2 dart slugs (D:1)
  2 bats (D:1)
  6 endoplasms
  A giant cockroach (D:1)
  3 goblins (D:1)
  2 hobgoblins (D:1)
  5 quokkas
  4 ball pythons
  A frilled lizard (D:1)
  3 kobolds (D:1)
  2 rats (D:1)
32 creatures vanquished.

Vanquished Creatures (others)
  A plant (D:2)
1 creature vanquished.

Grand Total: 33 creatures vanquished

Notes
Turn   | Place    | Note
-------+----------+-------------------------------------------
     0 | D:1      | crat75 the Minotaur Berserker began the quest for the Orb.
     0 | D:1      | Reached XP level 1. HP: 19/19 MP: 0/0
   315 | D:1      | Reached XP level 2. HP: 26/27 MP: 1/1
   623 | D:1      | Found a faded altar of an unknown god.
   775 | D:1      | Reached XP level 3. HP: 33/33 MP: 2/2
  1736 | D:2      | Slain by a gnoll

Illustrated notes

Levels and vault maps discovered:
D:1:      tarquinn_simple_flora_water_e, layout_basic, basic_ecumenical_altar,
          interstate_on_off
D:2:      wad_woods_tower, layout_basic, kennysheep_potato

Skill      XL: |  1  2 |
---------------+-------+-----
Fighting       | 4 |  4.3
Polearms       | 4 |  4.5
Armour         | |  2.9
Dodging        | |  2.6

Action                   || total
-------------------------++-------
Melee: Spear             ||    71
       Headbutt          ||    12
Armor: Ring mail         ||    16
       Animal skin       ||     1
Dodge: Dodged            ||    40
Block: Other             ||     4
